 Dungeon Crawl Stone Soup version 0.21.0-3-g78d12a8 (console) character file.

78838 hilaritas the Peltast (level 16, 0/109 HPs)
             Began as a Halfling Fighter on Jan 7, 2018.
             Was the Champion of Zin.
             Slain by Daviar's ghost (1 damage)
             ... on level 14 of the Dungeon on Jan 8, 2018.
             The game lasted 01:41:07 (32391 turns).

hilaritas the Peltast (Halfling Fighter)           Turns: 32391, Time: 01:41:08

Health: 0/109      AC: 18    Str: 29    XL:     16   Next: 9%
Magic:  25/25      EV: 10    Int:  6    God:    Zin [******]
Gold:   854        SH: 20    Dex: 18    Spells: 2/15 levels left

rFire    + . .     SeeInvis +   Q - +1 dagger "Qaojir" {elec, SInv Stlth+}
rCold    + . .     Gourm    .   c - +1 shield
rNeg     + . .     Faith    .   x - +2 plate armour {rC+}
rPois    +         Spirit   .   p - +0 helmet
rElec    .         Reflect  +   S - +0 cloak {rPois}
rCorr    .         Harm     .   h - +0 pair of gloves
MR       +....                  (no boots)
Stlth    ..........             L - +4 amulet of reflection
HPRegen  0.28/turn              H - ring of positive energy
MPRegen  0.19/turn              N - ring of Tauleuto {rF+ Str+7 Dex+2}

@: reciting, very heavily drained
A: small, mutation resistance 1
a: Recite, Vitalisation, Imprison, Sanctuary, Donate Gold, Renounce Religion


You were on level 14 of the Dungeon.
You worshipped Zin.
Zin was exalted by your worship.
You were near starving.

You visited 4 branches of the dungeon, and saw 23 of its levels.

You collected 2510 gold pieces.
You spent 1448 gold pieces at shops.
You donated 208 gold pieces to Zin.

Inventory:

Hand Weapons
 a - a +1 rapier
 w - a +2 short sword of venom
 Q - the +1 dagger "Qaojir" (weapon) {elec, SInv Stlth+}
   (You took it off a crimson imp on level 13 of the Dungeon)

   Occasionally, upon striking a foe, it will discharge some electrical energy
   and cause terrible harm.
   It lets you see invisible.
   It makes you more stealthy.
Missiles
 U - 29 tomahawks (quivered)
Armour
 c - a +1 shield (worn)
 h - a +0 pair of gloves (worn)
 p - a +0 helmet (worn)
 x - a +2 plate armour of cold resistance (worn)
 S - a +0 cloak of poison resistance (worn)
Jewellery
 g - an uncursed ring of magical power
 m - an uncursed ring of wizardry
 r - a +3 ring of protection
 t - an uncursed ring of see invisible
 z - the ring of False Hope {*Tele +Fly Str+4}
   (You took it off a vampire on level 11 of the Dungeon)

   [ring of teleportation]

   It may teleport you next to monsters.
   It affects your strength (+4).
   It lets you fly.
 D - an uncursed ring of flight
 H - a ring of positive energy (left hand)
 L - a +4 amulet of reflection (around neck)
 N - the ring of Tauleuto (right hand) {rF+ Str+7 Dex+2}
   (You found it on level 2 of the Lair of Beasts)

   [ring of dexterity]

   It affects your strength (+7).
   It affects your dexterity (+2).
   It protects you from fire.
 O - an uncursed ring of positive energy
 W - an uncursed ring of resist corrosion
 X - an uncursed ring of protection from cold
 Y - the ring of Altruism {-Tele Str+2 Int+5 Dex+2}
   (You bought it in a shop on level 2 of the Orcish Mines)

   [ring of dexterity]

   It affects your strength (+2).
   It affects your intelligence (+5).
   It affects your dexterity (+2).
   It prevents most forms of teleportation.
Wands
 s - a wand of disintegration (14)
 B - a wand of paralysis (17)
 C - a wand of flame (18)
 G - a wand of digging (25)
 I - a wand of enslavement (12)
 M - a wand of acid (20)
 R - a wand of iceblast (7)
Scrolls
 b - 4 scrolls of blinking
 e - 6 scrolls of enchant armour
 i - 8 scrolls of teleportation
 o - 6 scrolls of remove curse
 q - 4 scrolls of fear
 y - 3 scrolls of fog
 E - 7 scrolls of identify
 F - 5 scrolls of enchant weapon
 J - 2 scrolls of amnesia
 T - a scroll of magic mapping
Potions
 d - a potion of magic
 j - 2 potions of cancellation
 k - a potion of resistance
 n - 4 potions of brilliance
 A - 3 potions of flight
 P - a potion of might
Books
 v - a book of Geomancy

   Spells                             Type                      Level
   a - Sandblast                      Earth                        1
   b - Passwall                       Transmutation/Earth          2
   c - Stone Arrow                    Conjuration/Earth            3
   d - Petrify                        Transmutation/Earth          4
   e - Lee's Rapid Deconstruction     Earth                        5
Comestibles
 f - 41 rations


   Skills:
 - Level 10.0(5.6) Fighting
 - Level 8.0(3.9) Short Blades
 - Level 10.0(5.6) Armour
 - Level 7.0(2.9) Dodging
 + Level 19.1(13.7) Shields
 * Level 13.1(8.4) Invocations


You had 2 spell levels left.
You knew the following spells:

 Your Spells              Type           Power        Failure   Level  Hunger
a - Sticks to Snakes      Tmut           #.......     100%        2    ###....
b - Portal Projectile     Hex/Tloc       #.....       100%        3    ####...
c - Controlled Blink      Tloc           N/A          100%        8    #######


Dungeon Overview and Level Annotations

Branches:
Dungeon (14/15)            Temple (1/1) D:4            Lair (6/6) D:11
 Shoals (0/4) Lair:4        Snake (0/4) Lair:2        Slime (0/5) Lair:6
    Orc (2/2) D:11            Elf (0/3) Orc:2
 Vaults: D:13-14

Altars:
Ashenzari
Dithmenos
Elyvilon
Fedhas
Gozag
Hepliaklqana
Kikubaaqudgha
Makhleb
Okawaru
Qazlal
Ru
Sif Muna
Trog
Uskayaw
Wu Jian
Xom
Yredelemnul
Zin
The Shining One
Beogh

Shops:
D:11 (   D:12 ?   D:13 }   Orc:2 *[=(

Annotations:
D:14 Daviar's ghost, journeyman HaFi
Lair:5 exclusion: oklob plant


Innate Abilities, Weirdness & Mutations

You are small and have problems with some larger weapons.
You are somewhat resistant to further mutation.


Message History

Daviar's ghost barely misses you.
You miss Daviar's ghost.
Daviar's ghost is severely damaged.
You block Daviar's ghost's attack.
You hit Daviar's ghost but do no damage.
Daviar's ghost is severely damaged.
You are ready to recite again.
You block Daviar's ghost's attack.
You clear your throat and prepare to recite. "It was the word of Zin that there would not be disloyalty..."
Daviar's ghost hits you.
* * * LOW HITPOINT WARNING * * *
You writhe in agony.
* * * LOW HITPOINT WARNING * * *
Your shield and plate armour prevent you from hitting Daviar's ghost.
Daviar's ghost is severely damaged.
Daviar's ghost hits you!
* * * LOW HITPOINT WARNING * * *
You writhe in agony.
You die...

#################
#....$...)......#
.##.....######.# #.....######W##
#<........##.@#
##........##..################
...$........#.#................
########.....#.#.(..............
.....#.#....############
...###.#........()......
##.....#..#....#####..#.
.#####..#...## #..## #..#..###.
#..## #..#.####...#..## #..#.#
..........


You could see Daviar's ghost.

Vanquished Creatures
  A sphinx (D:14)
  An orc warlord (Orc:2)
  Louise (D:14)
  A dire elephant (Lair:6)
  Harold (Orc:1)
  7 hydras
  A catoblepas (Lair:6)
  A centaur warrior (D:14)
  An ogre mage (Orc:1)
  3 death yaks (Lair:6)
  9 two-headed ogres
  A deep troll shaman (Lair:6)
  2 orc high priests
  3 unseen horrors
  A lindwurm (Lair:6)
  5 orc knights
  A wolf spider zombie (D:13)
  2 orc sorcerers (Orc:2)
  2 ugly things
  3 cyclopes
  A manticore (D:11)
  14 elephants
  A merfolk siren (Lair:4)
  Maurice (Orc:1)
  6 black mambas
  9 spiny frogs
  A gargoyle (D:7)
  A torpor snail (Lair:5)
  A kobold demonologist (D:13)
  4 rime drakes (Lair:5)
  7 komodo dragons
  A freezing wraith (D:14)
  6 trolls
  8 polar bears
  A harpy zombie (D:13)
  A queen bee (Lair:2)
  5 slime creatures
  A hornet (D:10)
  A raiju (shapeshifter) (D:13)
  5 blink frogs
  6 hippogriffs
  2 shadows
  The ghost of ceb the Skirmisher, an amateur VSFi (D:6)
  A vampire (D:11)
  46 yaks
  A redback (shapeshifter) (D:14)
  6 wyverns
  3 basilisks
  A spriggan (D:7)
  Grum (D:10)
  4 steam dragons
  3 hungry ghosts
  Menkaure (D:6)
  3 nagas (Lair:2)
  4 wargs
  Duvessa (D:4)
  A naga (shapeshifter) (D:14)
  13 water moccasins
  2 hornet zombies
  9 porcupines
  A black bear (Lair:6)
  34 orc warriors
  5 sky beasts
  3 eyes of draining
  3 ice beasts
  4 phantoms
  22 ogres
  2 necrophages (D:10)
  10 centaurs
  10 wolves
  18 crocodiles
  Blork the orc (D:5)
  16 bullfrogs
  3 big kobolds
  A wyvern zombie (D:13)
  5 scorpions
  Dowan (D:4)
  34 killer bees
  2 electric eels (D:11)
  3 wights (D:13)
  A howler monkey (D:4)
  7 jellies
  9 crimson imps
  A bullfrog zombie (D:5)
  2 centaur zombies
  2 centaur skeletons
  13 orc priests
  2 hounds
  15 orc wizards
  2 bullfrog skeletons
  3 iguanas
  4 hell rats
  14 worker ants
  A hound skeleton (D:6)
  2 worker ant zombies
  3 gnolls (D:3)
  15 adders
  4 river rats (Lair:2)
  2 shadow imps
  2 oozes
  3 worms
  3 dart slugs
  2 leopard geckos
  81 orcs
  A ball python (D:3)
  7 giant cockroaches
  6 goblins
  6 hobgoblins
  6 jackals
  18 kobolds
  7 quokkas
  7 bats
  6 frilled lizards
  A leopard gecko skeleton (D:8)
  A quokka skeleton (D:7)
  8 rats
676 creatures vanquished.

Vanquished Creatures (others)
  Nessos (Lair:5)
  A yaktaur captain (D:14)
  A centaur (D:13)
  2 kobolds (D:13)
  25 fungi
  A pillar of salt (D:14)
  18 plants
49 creatures vanquished.

Grand Total: 725 creatures vanquished

Notes
Turn   | Place    | Note
-------+----------+-------------------------------------------
     0 | D:1      | hilaritas the Halfling Fighter began the quest for the Orb.
     0 | D:1      | Reached XP level 1. HP: 15/15 MP: 1/1
   177 | D:1      | Reached XP level 2. HP: 15/20 MP: 2/2
   813 | D:2      | Reached XP level 3. HP: 26/26 MP: 3/3
  1045 | D:2      | Found a white marble altar of Elyvilon.
  1053 | D:2      | Became a worshipper of Elyvilon the Healer
  1372 | D:2      | Reached XP level 4. HP: 31/31 MP: 4/4
  1546 | D:3      | Found a bloodstained altar of Trog.
  1567 | D:3      | Reached skill level 1 in Invocations
  1567 | D:3      | Reached XP level 5. HP: 19/36 MP: 5/5
  1738 | D:3      | Reached * piety under Elyvilon
  1909 | D:3      | Reached skill level 5 in Short Blades
  2036 | D:3      | Found a burning altar of Makhleb.
  2047 | D:3      | Reached XP level 6. HP: 42/42 MP: 7/7
  2198 | D:3      | Found a shadowy altar of Dithmenos.
  2536 | D:4      | Reached skill level 4 in Shields
  2615 | D:4      | Found an opulent altar of Gozag.
  2659 | D:4      | Reached ** piety under Elyvilon
  2745 | D:4      | Noticed a sky beast
  2759 | D:4      | Killed a sky beast
  2937 | D:4      | Reached XP level 7. HP: 37/46 MP: 8/8
  3016 | D:4      | Found a staircase to the Ecumenical Temple.
  3027 | Temple   | Entered the Ecumenical Temple
  3062 | Temple   | Fell from the grace of Elyvilon
  3062 | Temple   | Became a worshipper of Zin the Law-Giver
  3062 | Temple   | Reached * piety under Zin
  3062 | Temple   | Reached ** piety under Zin
  3104 | D:4      | Noticed Dowan
  3105 | D:4      | Noticed Duvessa
  3121 | D:4      | Killed Dowan
  3146 | D:4      | Killed Duvessa
  3494 | D:5      | Entered Level 5 of the Dungeon
  3650 | D:5      | Reached skill level 5 in Shields
  3650 | D:5      | Reached XP level 8. HP: 51/52 MP: 10/10
  3931 | D:5      | Noticed Blork the orc
  3947 | D:5      | Killed Blork the orc
  4316 | D:5      | Learned a level 2 spell: Sticks to Snakes
  4404 | D:5      | Reached skill level 6 in Shields
  4712 | D:6      | Reached *** piety under Zin
  4846 | D:6      | Reached XP level 9. HP: 59/59 MP: 12/12
  4968 | D:6      | Reached skill level 5 in Fighting
  5151 | D:6      | Noticed ceb's ghost (amateur VSFi)
  5163 | D:6      | Killed ceb's ghost
  5295 | D:6      | Noticed Menkaure
  5304 | D:6      | Killed Menkaure
  5304 | D:6      | Reached skill level 5 in Armour
  5304 | D:6      | Reached skill level 7 in Shields
  5877 | D:7      | Reached skill level 5 in Invocations
  6077 | D:7      | Noticed a troll
  6098 | D:7      | HP: 6/62 [troll (12)]
  6101 | D:7      | Killed a troll
  6406 | D:7      | Got a twisted cloak
  6417 | D:7      | Identified the +2 cloak of the Endless Expanse {-Cast Int+9} (You found it on level 7 of the Dungeon)
  6477 | D:7      | Reached **** piety under Zin
  6490 | D:7      | Reached ***** piety under Zin
  6527 | D:7      | Reached XP level 10. HP: 64/68 MP: 14/14
  6535 | D:7      | Noticed a white ugly thing
  6551 | D:7      | HP: 6/68 [white ugly thing (25)]
  6565 | D:7      | Killed a white ugly thing
  6565 | D:7      | Reached skill level 8 in Shields
  6853 | D:7      | Noticed a gargoyle
  6885 | D:7      | Killed a gargoyle
  7157 | D:7      | Found an ancient bone altar of Kikubaaqudgha.
  7353 | D:7      | Found a shimmering altar of Xom.
  7506 | D:7      | Noticed an unseen horror
  7520 | D:7      | Killed an unseen horror
  8088 | D:8      | Reached skill level 9 in Shields
  8170 | D:8      | Noticed a two-headed ogre
  8186 | D:8      | Killed a two-headed ogre
  8186 | D:8      | Reached XP level 11. HP: 53/75 MP: 15/17
  8731 | D:9      | Noticed a white ugly thing
  8750 | D:9      | Killed a white ugly thing
  9591 | D:9      | Reached skill level 10 in Shields
 10090 | D:10     | Entered Level 10 of the Dungeon
 10105 | D:10     | Noticed Grum
 10167 | D:10     | Killed Grum
 11338 | D:11     | Noticed a two-headed ogre
 11362 | D:11     | Killed a two-headed ogre
 11362 | D:11     | Reached skill level 11 in Shields
 11362 | D:11     | Reached XP level 12. HP: 80/84 MP: 18/18
 12587 | D:11     | Got a crude turquoise ring
 12587 | D:11     | Reached ****** piety under Zin
 12600 | D:11     | Noticed a six-headed hydra
 12624 | D:11     | HP: 7/85 [six-headed hydra (9)]
 12632 | D:11     | Killed a six-headed hydra
 12964 | D:11     | Found a staircase to the Lair.
 12978 | D:11     | Identified the ring of False Hope {*Tele +Fly Str+4} (You took it off a vampire on level 11 of the Dungeon)
 12985 | D:11     | Found a staircase to the Orcish Mines.
 13004 | D:11     | Found Faoneur's Weapon Shop.
 13711 | D:12     | Noticed a four-headed hydra
 13721 | D:12     | Killed a four-headed hydra
 13751 | D:12     | Reached skill level 12 in Shields
 14028 | D:12     | Noticed a two-headed ogre
 14053 | D:12     | Killed a two-headed ogre
 14053 | D:12     | Reached skill level 10 in Invocations
 14366 | D:12     | Found Fagac's Magic Scroll Boutique.
 14376 | D:12     | Bought a scroll of enchant armour for 82 gold pieces
 14376 | D:12     | Bought a scroll of enchant armour for 82 gold pieces
 14990 | Lair:1   | Entered Level 1 of the Lair of Beasts
 14991 | Lair:1   | Upgraded the game from 0.21.0 to 0.21.0-3-g78d12a8
 15154 | Lair:1   | Reached skill level 10 in Armour
 15763 | Lair:1   | Reached skill level 1 in Dodging
 15763 | Lair:1   | Reached XP level 13. HP: 89/91 MP: 20/20
 16740 | Lair:2   | Reached skill level 10 in Fighting
 16917 | Lair:2   | Reached skill level 13 in Shields
 17374 | Lair:2   | Noticed a seven-headed hydra
 17393 | Lair:2   | Killed a seven-headed hydra
 17806 | Lair:2   | Found a staircase to the Snake Pit.
 17953 | Lair:2   | Got a clouded bone ring
 17954 | Lair:2   | Identified the ring of Tauleuto {rF+ Str+7 Dex+2} (You found it on level 2 of the Lair of Beasts)
 18261 | Lair:3   | Noticed a seven-headed hydra
 18279 | Lair:3   | Killed a seven-headed hydra
 18681 | Lair:3   | Reached skill level 14 in Shields
 19755 | Lair:4   | Noticed a six-headed hydra
 19773 | Lair:4   | Killed a six-headed hydra
 20057 | Lair:4   | Reached XP level 14. HP: 91/99 MP: 22/22
 20259 | Lair:4   | Reached skill level 5 in Dodging
 20471 | Lair:4   | Found a staircase to the Shoals.
 20855 | Lair:4   | Reached skill level 15 in Shields
 21609 | Lair:5   | Noticed Nessos
 21620 | Lair:5   | Killed Nessos
 22277 | Lair:5   | Found a basalt altar of Yredelemnul.
 22615 | Lair:6   | Entered Level 6 of the Lair of Beasts
 22935 | Lair:6   | Reached skill level 16 in Shields
 23826 | Lair:6   | Found a staircase to the Slime Pits.
 24773 | Lair:6   | Reached XP level 15. HP: 54/103 MP: 24/24
 25224 | Lair:6   | Learned a level 3 spell: Portal Projectile
 25233 | Lair:6   | Learned a level 8 spell: Controlled Blink
 25640 | Orc:1    | Entered Level 1 of the Orcish Mines
 25691 | Orc:1    | Noticed Harold
 25715 | Orc:1    | Killed Harold
 25715 | Orc:1    | Reached skill level 17 in Shields
 25813 | Orc:2    | Entered Level 2 of the Orcish Mines
 25814 | Orc:2    | Found a roughly hewn altar of Beogh.
 26278 | Orc:2    | Found Hepsiq's General Store.
 26286 | Orc:2    | Found a staircase to the Elven Halls.
 26307 | Orc:2    | Bought a potion of might for 40 gold pieces
 26307 | Orc:2    | Bought a potion of flight for 30 gold pieces
 26307 | Orc:2    | Bought a scroll of fog for 20 gold pieces
 26982 | Orc:1    | Noticed Maurice
 27002 | Orc:1    | Killed Maurice
 27074 | Orc:2    | Found Fowiseip's Jewellery Shop.
 27757 | Orc:2    | Bought an uncursed ring of resist corrosion for 280 gold pieces
 27757 | Orc:2    | Bought an uncursed ring of protection from cold for 350 gold pieces
 27757 | Orc:2    | Bought the ring of Altruism {-Tele Str+2 Int+5 Dex+2} for 330 gold pieces
 27855 | Orc:2    | Reached skill level 18 in Shields
 28061 | Orc:2    | Noticed an orc warlord
 28096 | Orc:2    | Killed an orc warlord
 28352 | Orc:2    | Found Vyecaik's Antique Armour Boutique.
 28789 | Orc:2    | Found Raecw's Antique Weapon Shoppe.
 28992 | D:13     | Found Laeh's Gadget Emporium.
 28997 | D:13     | Bought a wand of disintegration (14) for 234 gold pieces
 30150 | D:13     | Got a transparent dagger {elec}
 30151 | D:13     | Identified the cursed +1 dagger "Qaojir" {elec, SInv Stlth+} (You took it off a crimson imp on level 13 of the Dungeon)
 30452 | D:14     | Noticed Louise
 30490 | D:14     | Found a stormy altar of Qazlal.
 31397 | D:14     | Noticed a sphinx
 31443 | D:14     | Killed a sphinx
 31443 | D:14     | Reached XP level 16. HP: 59/109 MP: 25/25
 31494 | D:14     | Reached skill level 19 in Shields
 31513 | D:14     | HP: 1/109 [Louise/stone arrow (13)]
 31530 | D:14     | Killed Louise
 32239 | D:14     | Noticed Daviar's ghost (journeyman HaFi)
 32391 | D:14     | HP: 1/109 [Daviar's ghost (13)]
 32391 | D:14     | Slain by Daviar's ghost

Skill      XL: |  1  2  3  4  5  6  7  8  9 10 11 12 13 14 15 16 |
---------------+-------------------------------------------------+-----
Short Blades   | 3 4 5 7 8 |  8.0
Fighting       | 3 4 6 7 8 9 10 | 10.0
Invocations    | 1 2 4 5 8 9 10 11 12 13 | 13.1
Shields        | 4 5 6 7 9 11 12 14 16 18 19 | 19.1
Armour         | 4 5 7 8 10 | 10.0
Dodging        | 1 4 6 7 |  7.0

Action                   |  1- 3 |  4- 6 |  7- 9 | 10-12 | 13-15 | 16-18 || total
-------------------------+-------+-------+-------+-------+-------+-------++-------
Melee: Rapier            |   125 |   175 |    77 |   106 |    62 |       ||   545
       Dagger            |       |    23 |   323 |   526 |   171 |   124 ||  1167
       Short sword       |       |       |       |   624 |  2464 |   117 ||  3205
Throw: Tomahawk          |       |       |       |       |     5 |       ||     5
Invok: Recite            |       |       |     8 |    18 |    16 |     6 ||    48
       Vitalisation      |       |       |       |       |     6 |       ||     6
Evoke: Wand              |       |       |       |       |     7 |       ||     7
  Use: Scroll            |     6 |     2 |     6 |     6 |     7 |     1 ||    28
       Potion            |       |     1 |     1 |     6 |     5 |     5 ||    18
 Stab: Confused          |       |       |     1 |     5 |    17 |    15 ||    38
       Invisible         |       |       |       |     2 |     8 |       ||    10
       Paralysed         |       |       |       |     6 |    11 |       ||    17
  Eat: Chunk             |     2 |     5 |     7 |    20 |    32 |       ||    66
       Ration            |       |       |     1 |     4 |     7 |       ||    12
Armor: Scale mail        |    14 |       |       |       |       |       ||    14
       Chain mail        |    34 |    58 |   108 |     6 |       |       ||   206
       Plate armour      |       |       |       |   378 |   642 |    77 ||  1097
Dodge: Dodged            |    28 |    43 |    66 |   184 |   617 |    58 ||   996
Block: Shield            |    53 |    87 |   182 |   622 |  2289 |   242 ||  3475
       Reflection        |       |       |       |       |    39 |     3 ||    42
